 Dungeon Crawl Stone Soup version 0.32-a0-995-gb4a59205af (webtiles) character file.

Game seed: 7812706696181935767

12081 ytrimaz the Fighter (level 11, -1/90 HPs)
             Began as a Demonspawn Fighter on Apr 22, 2024.
             Was an Elder of Kikubaaqudgha.
             Slain by a vampire mosquito (8 damage)
             ... on level 12 of the Dungeon.
             The game lasted 00:16:34 (10457 turns).

ytrimaz the Fighter (Demonspawn Fighter)           Turns: 10457, Time: 00:16:35

Health: -1/90      AC:  7    Str: 15    XL:     11   Next: 57%
Magic:  15/15      EV:  9    Int: 14    God:    Kikubaaqudgha [****..]
Gold:   582        SH:  5    Dex: 17    Spells: 12/16 levels left

rFire   + . .        A - +10 war axe of the Enchanting Jester {pain, rC+ Dex+2}
rCold   + + +        c - +0 buckler
rNeg    . . .        F - +0 swamp dragon scales
rPois   +            (no helmet)
rElec   +            (no cloak)
rCorr   +            l - +0 pair of gloves
SInv    .            (no boots)
Will    .....        p - amulet of the acrobat
Stlth   +            r - ring of resist corrosion
HPRegen 0.35/turn    n - ring "Egeos" {rPois rC+ Str-5 Int+4 Dex+3}
MPRegen 0.28/turn

%: acrobat
@: mighty, resistant, corroded
A: icy blue scales 2, foul stench 3, magic regeneration, weakness stinger 2
a: Renounce Religion, Unearth Wretches


You were on level 12 of the Dungeon.
You worshipped Kikubaaqudgha.
Kikubaaqudgha was greatly pleased with you.
You visited 2 branches of the dungeon, and saw 13 of its levels.
You also visited: Bailey.

You collected 618 gold pieces.
You spent 36 gold pieces at shops.


Innate Abilities, Weirdness & Mutations

You are mostly covered in icy blue scales. (AC +3)
You frequently emit foul miasma when damaged in melee.
You regenerate magic rapidly.
You have a tail ending in a sharp stinger.


   Skills:
 - Level 10.0 Fighting
 + Level 9.7 Axes
 - Level 8.0 Armour
 - Level 2.6 Shields
 + Level 3.1 Spellcasting
 + Level 9.4 Necromancy


You had 12 spell levels left.
You knew the following spells:

 Your Spells              Type           Power      Damage    Failure   Level
a - Dispel Undead         Necr           28%        3d13      10%         4

Your spell library contained the following spells:

 Spells                   Type           Power      Damage    Failure   Level
 Necrotise                Necr           100%       1d9       1%          1
 Sublimation of Blood     Necr           28%        N/A       1%          2
 Kiss of Death            Conj/Necr      60%        2d10      7%          1
 Animate Dead             Necr           28%        N/A       10%         4
 Cigotuvi's Dreadful Rot  Necr/Alch/Air  22%        N/A       21%         2
 Curse of Agony           Necr           28%        N/A       28%         5
 Anguish                  Hex/Necr       7%         N/A       56%         4
 Martyr's Knell           Necr/Summ      15%        N/A       56%         4
 Static Discharge         Conj/Air       4%         3-4/arc   58%         2
 Hailstorm                Conj/Ice       2%         3d5       83%         3
 Passwall                 Erth           2%         N/A       83%         3
 Summon Ice Beast         Ice/Summ       2%         N/A       83%         3
 Airstrike                Air            1%         2d(1-17)  99%         4
 Animate Armour           Summ/Erth      4%         N/A       99%         4
 Summon Lightning Spire   Summ/Air       2%         N/A       99%         4
 Permafrost Eruption      Ice/Erth       1%         2x4d1     100%        6
 Sculpt Simulacrum        Ice/Alch       1%         N/A       100%        6

Inventory:

Hand Weapons
 m - a +0 broad axe
   (You found it on level 2 of the Dungeon)
 u - a +1 executioner's axe
   (You found it on level 3 of the Dungeon)
 A - the +10 war axe of the Enchanting Jester (weapon) {pain, rC+ Dex+2}
   (You found it on level 4 of the Dungeon)

   Dex+2:     It affects your dexterity (+2).
   rC+:       It protects you from cold.
Missiles
 E - a throwing net
Armour
 b - a +0 scale mail
 c - a +0 buckler (worn)
 l - a +0 pair of gloves (worn)
   (You found it on level 1 of the Dungeon)
 F - +0 swamp dragon scales (worn)
   (You took it off Maggie on level 7 of the Dungeon)
Jewellery
 n - the ring "Egeos" (right hand) {rPois rC+ Str-5 Int+4 Dex+3}
   (You acquired it on level 5 of the Dungeon)

   [ring of protection from cold]

   Str-5:     It affects your strength (-5).
   Int+4:     It affects your intelligence (+4).
   Dex+3:     It affects your dexterity (+3).
   rC+:       It protects you from cold.
   rPois:     It protects you from poison.
 p - an amulet of the acrobat (around neck)
   (You found it on level 2 of the Dungeon)
 r - a ring of resist corrosion (left hand)
   (You took it off a kobold on level 2 of the Dungeon)
 t - a ring of see invisible
   (You found it on level 5 of the Dungeon)
 y - a ring of protection from fire
   (You found it on level 3 of the Dungeon)
 D - a ring of willpower
   (You found it on level 7 of the Dungeon)
 H - a +4 ring of protection
   (You found it in a bailey)
 J - a +6 ring of strength
   (You found it on level 8 of the Dungeon)
 N - a +4 ring of slaying
   (You found it on level 9 of the Dungeon)
 P - a ring of flight
   (You found it on level 9 of the Dungeon)
Wands
 s - a wand of polymorph (17)
   (You took it off a kobold on level 2 of the Dungeon)
 w - a wand of quicksilver (14)
   (You found it on level 3 of the Dungeon)
 x - a wand of flame (4)
   (You took it off Pikel on level 5 of the Dungeon)
 G - a wand of iceblast (11)
   (You took it off Maurice on level 8 of the Dungeon)
 T - a wand of charming (5)
   (You found it on level 10 of the Dungeon)
Scrolls
 a - a scroll of silence {unknown}
 f - a scroll of immolation
 h - 2 scrolls of vulnerability
 j - 6 scrolls of teleportation
 o - 3 scrolls of enchant armour
 B - a scroll of blinking
 K - 2 scrolls of fog {unknown}
 M - 7 scrolls of identify
 O - a scroll of torment {unknown}
 Q - a scroll of amnesia {unknown}
 S - a scroll of fear
Potions
 d - 3 potions of might
 e - 4 potions of attraction {unknown}
 g - 5 potions of brilliance
 i - 6 potions of mutation
 k - 2 potions of resistance
 q - 4 potions of curing
 v - 3 potions of heal wounds
 z - 4 potions of magic {unknown}
 C - 2 potions of degeneration {unknown}
 I - a potion of haste {unknown}
 L - 2 potions of ambrosia {unknown}
 R - a potion of invisibility {unknown}

Dungeon Overview and Level Annotations

Branches:
Dungeon (12/15) Zot: 26921  Temple (1/1) D:5 Zot: 5941    Lair (0/5) D:11
    Orc (0/2) D:10         Bailey (visited)

Altars:
Ashenzari
Cheibriados
Dithmenos
Fedhas
Gozag
Hepliaklqana
Kikubaaqudgha
Makhleb
Nemelex Xobeh
Okawaru
Qazlal
Ru
Sif Muna
Trog
Uskayaw
Vehumet
Wu Jian
Xom
Yredelemnul

Shops:
D:2 !   D:4 *

Annotations:
D:4 2 transporters, bigduke15's ghost, amateur DEIE

#.# ..# ....... .## ......?
.# # ###....... .# #.#
.......... .# ..##..#......
.### ...........
...###############.#.......
##..............@y$).......
#################...(.....
...?....... .............
#.........#....
#.........####. #.........#
###########


You could see a vampire mosquito.


Message History

The vampire mosquito bites you!
* * * LOW HITPOINT WARNING * * *
The vampire mosquito draws strength from your injuries! 😱 HP[-9]
You take 9 damage, and now have 16/90 hp.
Unknown command.
You feel better. The vampire mosquito bites you!
* * * LOW HITPOINT WARNING * * *
The vampire mosquito draws strength from your injuries!
The vampire mosquito bites you!
* * * LOW HITPOINT WARNING * * *
The vampire mosquito draws strength from your injuries! 😱 HP[-7]
You take 7 damage, and now have 9/90 hp.
Unknown command.
Okay, then.
Unknown command.
It was a potion of resistance.
You feel protected.
You block the vampire mosquito's attack.
The vampire mosquito bites you.
* * * LOW HITPOINT WARNING * * *
The vampire mosquito draws strength from your injuries! 😱 HP[-2]
You take 2 damage, and now have 7/90 hp.
Unknown command.
It was a potion of heal wounds.
You feel much better. The vampire mosquito bites you.
* * * LOW HITPOINT WARNING * * *
The vampire mosquito draws strength from your injuries!
You block the vampire mosquito's attack. 😨 HP[+17]
You regained 17 hp, and now have 24/90 hp.
You slash the vampire mosquito!
You block the vampire mosquito's attack.
The vampire mosquito bites you.
* * * LOW HITPOINT WARNING * * *
The vampire mosquito draws strength from your injuries! 😱 HP[-3]
You take 3 damage, and now have 21/90 hp.
You slice the vampire mosquito!! The vampire mosquito bites you.
* * * LOW HITPOINT WARNING * * *
The vampire mosquito draws strength from your injuries!
The vampire mosquito bites you.
* * * LOW HITPOINT WARNING * * *
The vampire mosquito draws strength from your injuries! 😱 HP[-7]
You take 7 damage, and now have 14/90 hp.
You slash the vampire mosquito! The vampire mosquito bites you.
* * * LOW HITPOINT WARNING * * *
The vampire mosquito draws strength from your injuries!
The vampire mosquito bites you but does no damage. 😱 HP[-1]
You take 1 damage, and now have 13/90 hp.
Unknown command.
You feel much better.
The vampire mosquito bites you but does no damage.
The vampire mosquito bites you.
* * * LOW HITPOINT WARNING * * *
The vampire mosquito draws strength from your injuries! 😨 HP[+18]
You regained 18 hp, and now have 31/90 hp.
Unknown command.
You miss the vampire mosquito. The vampire mosquito bites you!
* * * LOW HITPOINT WARNING * * *
The vampire mosquito draws strength from your injuries!
The vampire mosquito barely misses you. 😨 HP[-8]
You take 8 damage, and now have 23/90 hp.
You slice the vampire mosquito!!
You destroy the vampire mosquito!
Kikubaaqudgha accepts your kill.
Unknown command.
You closely miss the vampire mosquito. The vampire mosquito bites you.
* * * LOW HITPOINT WARNING * * *
The vampire mosquito draws strength from your injuries!
You emit a cloud of foul miasma!
The vampire mosquito bites you.
* * * LOW HITPOINT WARNING * * *
The vampire mosquito draws strength from your injuries! 😱 HP[-4]
You take 4 damage, and now have 19/90 hp.
You slash the vampire mosquito!
You block the vampire mosquito's attack.
The vampire mosquito barely misses you.
Unknown command.
You miss the vampire mosquito. The vampire mosquito barely misses you.
The vampire mosquito bites you but does no damage.
You completely miss the vampire mosquito.
The vampire mosquito bites you.
* * * LOW HITPOINT WARNING * * *
The vampire mosquito draws strength from your injuries!
The vampire mosquito bites you!
* * * LOW HITPOINT WARNING * * *
The vampire mosquito draws strength from your injuries! 😱 HP[-12]
You take 12 damage, and now have 7/90 hp.
You closely miss the vampire mosquito. The vampire mosquito misses you.
The vampire mosquito bites you!
You die...
Kikubaaqudgha rasps: You have failed me!
Welcome... death!

Skill      XL: |  1  2  3  4  5  6  7  8  9 10 11 |
---------------+----------------------------------+-----
Axes           | 2 3 4 5 6 7 8 9 |  9.7
Armour         | 3 4 5 6 7 8 |  8.0
Fighting       | 4 5 6 7 8 9 10 | 10.0
Necromancy     | 3 5 7 9 |  9.4
Spellcasting   | 3 |  3.1
Shields        | |  2.6

Action                     |  1- 3 |  4- 6 |  7- 9 | 10-12 || total
---------------------------+-------+-------+-------+-------++-------
  Melee: War axe           |    92 |    24 |   161 |   310 ||   587
         Tailslap          |    14 |     9 |    27 |    46 ||    96
         Broad axe         |    28 |    89 |       |       ||   117
   Cast: Dispel Undead     |       |       |       |     2 ||     2
  Evoke: Wand              |       |     4 |     3 |       ||     7
    Use: Scroll            |     3 |     6 |     2 |     2 ||    13
         Potion            |       |       |       |     7 ||     7
 Armour: Scale mail        |    88 |    82 |   134 |       ||   304
         Skin              |     3 |       |       |       ||     3
         Swamp dragon scal |       |       |     4 |   335 ||   339
  Dodge: Dodged            |    69 |    75 |    99 |   217 ||   460
  Block: Buckler           |    35 |    32 |    56 |   111 ||   234

Levels and vault maps discovered:
D:1:      minmay_arrival_shattered_statue, layout_loops_cross
D:2:      layout_rooms, serial_shops, nicolae_shop_window_shopping,
          minmay_randomly_rotated_circles
D:3:      layout_rooms, nrook_mini_vaults, uniq_grinder, uniq_ijyb
D:4:      layout_basic, lemuel_coloured_pillars_altar, serial_shops, shop,
          gammafunk_ghost_mausoleum
D:5:      layout_loops_ring, lemuel_temple_firewalk_a,
          nicolae_figureground_sparkle, uniq_blork_the_orc, uniq_pikel
D:6:      layout_basic, mainiacjoe_overflow_paths
D:7:      layout_cave_pools, uniq_duvessa, uniq_maggie
D:8:      layout_loops_ring, enter_bailey_3, roderic_lattice_a, uniq_jeremiah,
          uniq_maurice
D:9:      layout_rooms
D:10:     layout_rooms, orc_0_dummy, serial_library_hellmonk_recessed_alcove
D:11:     layout_layer_cave, lair_entry_dummy, uniq_grum
D:12:     layout_rooms, portal_ice_cave_rime, gammafunk_ghost_nasty_kobolds,
          serial_shops, nicolae_shop_just_a_little_nook
Temple:   mainiacjoe_temple_big_plus

Notes
Turn   | Place    | Note
-------+----------+-------------------------------------------
     0 | D:1      | ytrimaz the Demonspawn Fighter began the quest for the Orb.
     0 | D:1      | Reached XP level 1. HP: 18/18 MP: 1/1
     0 | D:1      | magus.rc [v1.9.6]
    82 | D:1      | Reached skill level 2 in Axes
   203 | D:1      | Gained mutation: You have a small tail. [demonic ancestry]
   203 | D:1      | Reached XP level 2. HP: 16/24 MP: 2/2
   435 | D:1      | Reached skill level 3 in Armour
   808 | D:2      | Gained mutation: You are partially covered in icy blue
                  | scales. (AC +2) [demonic ancestry]
   808 | D:2      | Reached XP level 3. HP: 26/29 MP: 3/3
  1028 | D:2      | You add the spells Necrotise, Sublimation of Blood,
                  | Passwall and Animate Armour to your library.
  1028 | D:2      | Got the Octavo of the Postmortem Caves
  1199 | D:2      | Found Ihech's Distillery.
  1207 | D:2      | Bought a potion of curing for 36 gold pieces
  1477 | D:2      | Reached XP level 4. HP: 37/37 MP: 4/4
  1633 | D:3      | Noticed Ijyb
  1647 | D:3      | Ijyb changed into Ijyb the jelly
  1647 | D:3      | Noticed Ijyb
  1648 | D:3      | Killed Ijyb the jelly
  1649 | D:3      | Reached skill level 4 in Fighting
  1713 | D:3      | Noticed Grinder
  1715 | D:3      | Reached skill level 3 in Axes
  1722 | D:3      | Killed Grinder
  1723 | D:3      | Reached skill level 4 in Armour
  1723 | D:3      | Reached XP level 5. HP: 14/43 MP: 5/5
  1723 | D:3      | Gained mutation: You may rarely emit foul miasma when
                  | damaged in melee. [demonic ancestry]
  1723 | D:3      | Reached XP level 6. HP: 16/49 MP: 6/6
  1887 | D:3      | You pick up a book of Decay and begin reading...
  1887 | D:3      | You add the spells Cigotuvi's Dreadful Rot, Dispel Undead
                  | and Martyr's Knell to your library.
  2389 | D:4      | Found a shimmering altar of Xom.
  2438 | D:4      | Identified the +10 war axe of the Enchanting Jester {pain,
                  | rC+ Dex+2}
  2492 | D:4      | Reached skill level 5 in Fighting
  2525 | D:4      | Found Cehobb's Assorted Antiques.
  2767 | D:4      | Found a transporter.
  2792 | D:4      | Found a transporter.
  2795 | D:4      | Noticed bigduke15's ghost (amateur DEIE)
  2808 | D:4      | Reached skill level 4 in Axes
  2984 | D:5      | Entered Level 5 of the Dungeon
  3014 | D:5      | Gained mutation: You have a tail ending in a sharp stinger.
                  | [demonic ancestry]
  3014 | D:5      | Reached XP level 7. HP: 56/56 MP: 7/7
  3035 | D:5      | Reached skill level 5 in Armour
  3117 | D:5      | Noticed Pikel
  3129 | D:5      | Killed Pikel
  3130 | D:5      | Reached skill level 6 in Fighting
  3130 | D:5      | Reached skill level 5 in Axes
  3130 | D:5      | Gained mutation: You sometimes emit foul miasma when
                  | damaged in melee. [demonic ancestry]
  3130 | D:5      | Reached XP level 8. HP: 44/65 MP: 8/8
  3207 | D:5      | Identified a scroll of acquirement
  3207 | D:5      | Acquired the ring "Egeos" {rPois rC+ Str-5 Int+4 Dex+3}
  3500 | D:5      | Noticed Blork the orc
  3507 | D:5      | Killed Blork the orc
  3508 | D:5      | Reached skill level 1 in Necromancy
  3742 | D:5      | Found a staircase to the Ecumenical Temple.
  3754 | Temple   | Entered the Ecumenical Temple
  3787 | Temple   | Became a worshipper of Kikubaaqudgha
  3920 | D:6      | Found a sparkling altar of Nemelex Xobeh.
  3938 | D:6      | Reached skill level 6 in Armour
  3994 | D:6      | Reached skill level 2 in Necromancy
  4167 | D:6      | Reached skill level 7 in Fighting
  4327 | D:6      | Reached skill level 6 in Axes
  4327 | D:6      | Reached skill level 3 in Necromancy
  4388 | D:6      | Gained mutation: You frequently emit foul miasma when
                  | damaged in melee. [demonic ancestry]
  4388 | D:6      | Reached XP level 9. HP: 71/72 MP: 9/9
  4743 | D:7      | Reached * piety under Kikubaaqudgha
  4743 | D:7      | You add the spells Kiss of Death and Animate Dead to your
                  | library.
  4743 | D:7      | Received a gift from Kikubaaqudgha
  4763 | D:7      | Noticed a two-headed ogre
  4765 | D:7      | HP: 11/70 [two-headed ogre/+0 giant spiked club (12)]
  4765 | D:7      | HP: 4/70 [two-headed ogre/+0 giant spiked club (7)]
  4767 | D:7      | Killed a two-headed ogre
  4768 | D:7      | Reached skill level 7 in Armour
  4768 | D:7      | Reached skill level 4 in Necromancy
  4961 | D:7      | Reached skill level 8 in Fighting
  5077 | D:7      | Reached skill level 5 in Necromancy
  5095 | D:7      | Reached skill level 7 in Axes
  5117 | D:7      | You pick up a book of the Tundra and begin reading...
  5117 | D:7      | You add the spells Hailstorm, Summon Ice Beast, Permafrost
                  | Eruption and Sculpt Simulacrum to your library.
  5337 | D:7      | Noticed Duvessa
  5343 | D:7      | Killed Duvessa
  5363 | D:7      | Noticed Dowan
  5369 | D:7      | Killed Dowan
  5396 | D:7      | Noticed Maggie
  5407 | D:7      | Killed Maggie
  5640 | D:8      | Noticed Jeremiah
  5641 | D:8      | Noticed Maurice
  5648 | D:8      | Gained mutation: You regenerate magic rapidly. [demonic
                  | ancestry]
  5648 | D:8      | Reached XP level 10. HP: 82/82 MP: 10/10
  5657 | D:8      | Something stole a ring of willpower
  5658 | D:8      | Killed Maurice
  5701 | D:8      | Killed Jeremiah
  5702 | D:8      | Reached skill level 6 in Necromancy
  5718 | D:8      | Found a flagged portal.
  5735 | Bailey   | Entered a bailey
  5855 | Bailey   | Reached ** piety under Kikubaaqudgha
  6051 | Bailey   | Reached skill level 8 in Armour
  6090 | Bailey   | Learned a level 4 spell: Dispel Undead
  6200 | Bailey   | Noticed a gargoyle
  6209 | Bailey   | Killed a gargoyle
  6210 | Bailey   | Reached skill level 9 in Fighting
  6323 | Bailey   | HP: 20/83 [vampire/+2 vampiric halberd (7)]
  6324 | Bailey   | HP: 9/83 [vampire/vampiric draining (11)]
  6605 | Bailey   | Reached skill level 8 in Axes
  6876 | D:8      | Reached skill level 7 in Necromancy
  7265 | D:8      | Reached *** piety under Kikubaaqudgha
  7265 | D:8      | You add the spells Anguish and Curse of Agony to your
                  | library.
  7265 | D:8      | Received a gift from Kikubaaqudgha
  7393 | D:8      | You fall into a shaft and drop 2 floors!
  7393 | D:10     | Entered Level 10 of the Dungeon
  7464 | D:9      | HP: 19/84 [yak (7)]
  7467 | D:9      | HP: 8/84 [yak (5)]
  7710 | D:9      | You pick up a book of Storms and begin reading...
  7710 | D:9      | You add the spells Static Discharge, Airstrike and Summon
                  | Lightning Spire to your library.
  7858 | D:9      | Gained mutation: You are mostly covered in icy blue scales.
                  | (AC +3) [demonic ancestry]
  7858 | D:9      | Reached XP level 11. HP: 79/90 MP: 11/11
  7917 | D:9      | Reached skill level 8 in Necromancy
  8223 | D:10     | Reached skill level 10 in Fighting
  8263 | D:10     | Noticed a deep elf pyromancer
  8269 | D:10     | Killed a deep elf pyromancer
  8270 | D:10     | Reached skill level 9 in Axes
  8486 | D:10     | Found a staircase to the Orcish Mines.
  8975 | D:11     | Noticed Grum
  9104 | D:11     | Reached skill level 1 in Spellcasting
  9109 | D:11     | Killed Grum
  9266 | D:11     | Found a staircase to the Lair.
  9292 | D:11     | HP: 13/90 [gargoyle/stone arrow (17)]
  9568 | D:11     | Reached skill level 9 in Necromancy
  9650 | D:11     | Reached skill level 2 in Spellcasting
 10419 | D:12     | Reached **** piety under Kikubaaqudgha
 10441 | D:12     | Reached skill level 3 in Spellcasting
 10443 | D:12     | HP: 16/90 [vampire mosquito (9)]
 10445 | D:12     | HP: 7/90 [vampire mosquito (3)]
 10453 | D:12     | HP: 21/90 [vampire mosquito (3)]
 10456 | D:12     | HP: 7/90 [vampire mosquito (7)]
 10457 | D:12     | Slain by a vampire mosquito

Vanquished Creatures
  A two-headed ogre (D:7)
  Pikel (D:5)
  A deep elf pyromancer (D:10)
  Maurice (D:8)
  3 gargoyles
  Maggie (D:7)
  Jeremiah (D:8)
  An unseen horror (D:11)
  A yaktaur (D:11)
  4 trolls
  Grinder (D:3)
  A wyvern (D:9)
  A vampire (Bailey)
  A vampire mosquito (D:12)
  5 yaks (D:9)
  Grum (D:11)
  A wraith (D:12)
  3 steam dragons
  4 acid dragons
  2 water moccasins (D:9)
  Duvessa (D:7)
  2 orc warriors
  3 sky beasts
  2 black bears
  3 ogres
  4 wolves
  6 centaurs
  A lemure (D:5)
  A kobold brigand (D:8)
  3 bullfrogs
  Blork the orc (D:5)
  A gnoll sergeant (D:7)
  4 scorpions
  5 wights (D:7)
  Dowan (D:7)
  6 killer bees (D:10)
  10 vampire bats (Bailey)
  8 wolf zombies (Bailey)
  4 howler monkeys (D:8)
  A bombardier beetle (D:6)
  2 jellies
  4 orc priests
  2 gnoll boudas
  13 orc wizards
  A sleepcap (D:4)
  An iguana (D:5)
  13 gnolls
  5 adders
  4 shadow imps
  3 white imps
  2 ufetubi (D:7)
  A dart slug (D:2)
  4 ribbon worms
  37 orcs
  6 ball pythons
  11 endoplasms
  7 giant cockroaches
  11 goblins
  5 hobgoblins
  7 jackals
  14 kobolds
  4 quokkas
  9 bats
  2 frilled lizards
  18 orc zombies (Bailey)
  8 rats
296 creatures vanquished.

Table legend:
 A = Non-vault XP
 B = Vault XP
 C = Vault XP percentage of total XP
 D = Non-vault monster count
 E = Vault monster count
 F = Vault count percentage of total count
                 A         B        C        D         E       F
            +---------+---------+-------+---------+---------+-------
      Total |   12347 |    4912 |  28.5 |     233 |      62 |  21.0
            +---------+---------+-------+---------+---------+-------
        D:1 |      40 |       0 |   0.0 |      22 |       0 |   0.0
        D:2 |      57 |      12 |  17.4 |      19 |       6 |  24.0
        D:3 |      52 |     301 |  85.3 |      27 |       2 |   6.9
        D:4 |     172 |       0 |   0.0 |      20 |       0 |   0.0
        D:5 |     512 |     741 |  59.1 |      15 |       2 |  11.8
        D:6 |     981 |       0 |   0.0 |      23 |       0 |   0.0
        D:7 |    2003 |     598 |  23.0 |      27 |       3 |  10.0
        D:8 |    1089 |     897 |  45.2 |      24 |       6 |  20.0
        D:9 |    2338 |       0 |   0.0 |      23 |       0 |   0.0
       D:10 |    1748 |     232 |  11.7 |      11 |       2 |  15.4
       D:11 |    2371 |     433 |  15.4 |      15 |       3 |  16.7
       D:12 |     984 |       0 |   0.0 |       7 |       0 |   0.0
     Bailey |       0 |    1698 | 100.0 |       0 |      38 | 100.0
            +---------+---------+-------+---------+---------+-------

Skill      XL: |  1  2  3  4  5  6  7  8  9 10 11 |
---------------+----------------------------------+-----
Axes           | 2 3 4 5 6 7 8 9 |  9.7
Armour         | 3 4 5 6 7 8 |  8.0
Fighting       | 4 5 6 7 8 9 10 | 10.0
Necromancy     | 3 5 7 9 |  9.4
Spellcasting   | 3 |  3.1
Shields        | |  2.6

Action                     |  1- 3 |  4- 6 |  7- 9 | 10-12 || total
---------------------------+-------+-------+-------+-------++-------
  Melee: War axe           |    92 |    24 |   161 |   310 ||   587
         Tailslap          |    14 |     9 |    27 |    46 ||    96
         Broad axe         |    28 |    89 |       |       ||   117
   Cast: Dispel Undead     |       |       |       |     2 ||     2
  Evoke: Wand              |       |     4 |     3 |       ||     7
    Use: Scroll            |     3 |     6 |     2 |     2 ||    13
         Potion            |       |       |       |     7 ||     7
 Armour: Scale mail        |    88 |    82 |   134 |       ||   304
         Skin              |     3 |       |       |       ||     3
         Swamp dragon scal |       |       |     4 |   335 ||   339
  Dodge: Dodged            |    69 |    75 |    99 |   217 ||   460
  Block: Buckler           |    35 |    32 |    56 |   111 ||   234

Illustrated notes

Table legend:
 A = Kills in this place as a percentage of kills in the entire game.
 B = Kills by you in this place as a percentage of kills by you in the entire game.
 C = Kills by friends in this place as a percentage of kills by friends in the entire game.
 D = Other kills in this place as a percentage of other kills in the entire game.
 E = Experience gained in this place as a percentage of experience gained in the entire game.
 F = Experience gained in this place divided by the number of levels of this place that you have seen.
                   A       B       C       D       E      F
               +-------+-------+-------+-------+-------+----------------------
         Total | 100.0 | 100.0 |   N/A |   N/A | 100.0 | 1232.8
       Dungeon |  87.1 |  87.1 |   N/A |   N/A |  90.2 | 1296.8
        Bailey |  12.9 |  12.9 |   N/A |   N/A |   9.8 | 1698.0
               +-------+-------+-------+-------+-------+----------------------

Table legend: (Time is in decaauts)
 A = Elapsed time spent in this place.
 B = Non-inter-level travel time spent in this place.
 C = Inter-level travel time spent in this place.
 D = Time resting spent in this place.
 E = Time spent auto-exploring this place.
 F = Levels seen in this place.
 G = Mean time per level.
                   A        B        C        D        E       F      G
               +--------+--------+--------+--------+--------+-----+--------+
         Total |  10643 |  10308 |    335 |    703 |   7552 |  14 |  760.2 |
       Dungeon |   9626 |   9325 |    301 |    401 |   7139 |  12 |  802.2 |
        Temple |     58 |     24 |     34 |      0 |      0 |   1 |   58.0 |
        Bailey |    958 |    958 |      0 |    302 |    413 |   1 |  958.0 |
               +--------+--------+--------+--------+--------+-----+--------+

Top non-repeatable levels by time:
    D:11: 1318 daAuts
     D:7: 961 daAuts
  Bailey: 958 daAuts
    D:10: 912 daAuts
     D:5: 861 daAuts
     D:1: 823 daAuts
     D:6: 822 daAuts
     D:8: 815 daAuts
     D:4: 804 daAuts
     D:9: 774 daAuts
     D:2: 772 daAuts
     D:3: 682 daAuts
    D:12: 77 daAuts
  Temple: 58 daAuts
